 Dungeon Crawl Stone Soup version 0.22.1-6-g1668fe2 (webtiles) character file.

100 Fang the Skirmisher (level 4, 0/29 HPs)
             Began as a Gargoyle Berserker on Feb 6, 2019.
             Was a Believer of Trog.
             Slain by a gnoll
             ... wielding a +0 spear
              (2 damage)
             ... on level 2 of the Dungeon.
             The game lasted 00:01:46 (1309 turns).

Fang the Skirmisher (Gargoyle Berserker)            Turns: 1309, Time: 00:01:46

Health: 0/29       AC:  9    Str: 22    XL:     4   Next: 74%
Magic:  4/4        EV: 12    Int:  7    God:    Trog [**....]
Gold:   108        SH:  0    Dex:  9    Spells: 3/3 levels left

rFire    . . .     SeeInvis .   a - +0 hand axe
rCold    . . .     Gourm    .   (no shield)
rNeg     + . .     Faith    .   b - +0 animal skin
rPois    ∞         Spirit   .   g - +0 helmet
rElec    +         Reflect  .   (no cloak)
rCorr    .         Harm     .   o - +1 pair of gloves
MR       .....                  (no boots)
Stlth    +.........             (no amulet)
HPRegen  0.09/turn              (no ring)
MPRegen  0.09/turn              (no ring)

@: berserk cooldown, slowed, very slow
A: negative energy resistance 1, electricity resistance, unbreathing,
petrification resistance, rot immunity, AC +3
a: Berserk, Trog's Hand, Renounce Religion


You were on level 2 of the Dungeon.
You worshipped Trog.
Trog was pleased with you.
You were very hungry.

You visited 1 branch of the dungeon, and saw 2 of its levels.

You collected 108 gold pieces.

Inventory:

Hand Weapons
 a - a +0 hand axe (weapon)
Armour
 b - a +0 animal skin (worn)
 g - a +0 helmet (worn)
 o - a +1 pair of gloves (worn)
Scrolls
 e - 3 scrolls of identify {unknown}
 i - a scroll of noise {unknown}
 j - a scroll of random uselessness {unknown}
 k - 2 scrolls of remove curse {unknown}
 l - a scroll of fog {unknown}
Potions
 f - 2 potions of curing {unknown}
 h - a potion of resistance {unknown}
 m - a potion of berserk rage {unknown}
 n - 2 potions of flight {unknown}
Comestibles
 c - 4 rations
 d - 7 chunks of flesh


   Skills:
 + Level 4.1 Fighting
 + Level 3.3 Axes
 + Level 3.1 Armour
 + Level 2.3 Dodging


You had 3 spell levels left.
You didn't know any spells.
Your spell library was empty.

Dungeon Overview and Level Annotations

Branches:
Dungeon (2/15)

Altars:


Innate Abilities, Weirdness & Mutations

You are resistant to torment.
Your stone body is resilient. (AC +3)
You are immune to poison.
You resist negative energy. (rN+)
You are resistant to electric shocks. (rElec)
You can survive without breathing.
You are immune to petrification.
You are immune to rotting.


Message History

The gnoll hits you.
The gnoll hits you from afar with a spear.
The gnoll hits you but does no damage.
You slash the gnoll!
You kill the gnoll!
Trog accepts your kill. The gnoll barely misses you.
The gnoll hits you with a spear. x2
* * * LOW HITPOINT WARNING * * *
Things that are here:
a throwing net; a halberd; a gnoll corpse You barely miss the gnoll.
The gnoll misses you. The gnoll closely misses you.
You barely miss the gnoll. The gnoll hits you with a spear.
* * * LOW HITPOINT WARNING * * *
You hit the gnoll but do no damage. The gnoll closely misses you.
The gnoll barely misses you.
Unknown command.
You hit the gnoll but do no damage. The gnoll hits you but does no damage.
The gnoll hits you with a spear.
You die...

....# ....# #.......#
....# ####.......
.[..### ##..........
......# #..# #.....
......# ##.# #.... .
......###..# ... .#
..........## #g# .#
.......#### #@# .###
......##########)#......
......# #...............
......###.###...##.....#
........................
###.#..........###..(...
#...).###......###.....#
.......................#
........##......##.....#


You could see a gnoll.

Vanquished Creatures
  3 gnolls (D:2)
  An adder (D:2)
  4 worms (D:2)
  A dart slug (D:1)
  A leopard gecko (D:2)
  2 giant cockroaches
  5 goblins
  4 hobgoblins
  8 jackals
  3 kobolds (D:1)
  11 bats
  2 frilled lizards
  3 rats
48 creatures vanquished.

Notes
Turn   | Place    | Note
-------+----------+-------------------------------------------
     0 | D:1      | Fang the Gargoyle Berserker began the quest for the Orb.
     0 | D:1      | Reached XP level 1. HP: 14/14 MP: 1/1
   166 | D:1      | Reached XP level 2. HP: 19/19 MP: 2/2
   539 | D:1      | Reached ** piety under Trog
   539 | D:1      | Reached XP level 3. HP: 21/23 MP: 3/3
  1034 | D:2      | Reached XP level 4. HP: 20/29 MP: 4/4
  1290 | D:2      | Reached skill level 4 in Fighting
  1307 | D:2      | HP: 1/29 [gnoll/spear (5)]
  1309 | D:2      | Slain by a gnoll

Skill      XL: |  1  2  3  4 |
---------------+-------------+-----
Axes           | 3 |  3.3
Dodging        | 2 |  2.3
Armour         | 3 |  3.1
Fighting       | 4 |  4.1

Action                   |  1- 3 |  4- 6 || total
-------------------------+-------+-------++-------
Melee: Hand axe          |   110 |    59 ||   169
Invok: Berserk           |       |     1 ||     1
  Eat: Chunk             |     1 |       ||     1
Armor: Animal skin       |    51 |    39 ||    90
Dodge: Dodged            |    70 |    74 ||   144
